AoeStats
← 0Atlas0

Nomad

509365054Analyzed
4v4 RM · 5d ago on Sep 26, 2026· 38m 20s· 8 players
Game mode
Random Map
Map size
231×231
Population
200
Speed
Normal
Resources
Standard
Victory
Conquest
Starting age
Dark Age
Ending age
Imperial Age
RankedLock teamsTeams togetherTeam positionsShared explorationLock speedFull tech treeHidden civsTurbo modeCheats
Victory
Defeat
🇺🇸 Poles · United States
1234
+11
🇺🇸 Dravidians · United States
1158
+14
🇺🇸 Varangians · United States
1135
+15
🇦🇷 Britons · Argentina
1062
+18
🇹🇼 Byzantines · Taiwan
1169
-17
🇨🇭 Mongols · Switzerland
1135
-15
🇯🇵 Turks · Japan
1088
-13
🇹🇼 Japanese · Taiwan
1082
-13
hello are you ok
4:52 Loom
16:19 Feudal Age
16:57 Double-Bit Axe
23:56 Castle Age
22:04 Fishing Lines
24:54 Medium Warships
24:50 Pikeman
25:31 Squires
25:16 Arson
27:31 Scale Mail Armor
34:55 Horse Collar
36:53 Gambesons
37:27 Chain Mail Armor
37:23 Forging
RomaSaga
6:38 Loom
16:30 Feudal Age
17:35 Double-Bit Axe
20:32 Castle Age
19:19 Gold Mining
19:11 Horse Collar
20:13 Scale Barding Armor
20:55 Forging
22:51 Chain Barding Armor
22:48 Husbandry
28:57 Bloodlines
30:52 Bow Saw
31:19 Heavy Plow
31:10 Stone Mining
31:16 Town Watch
32:48 Gold Shaft Mining
33:39 Fletching
35:05 Bodkin Arrow
35:47 Iron Casting
40:01 Imperial Age
37:59 Padded Archer Armor
38:39 Wheelbarrow
yam70018
6:20 Loom
17:18 Feudal Age
17:53 Town Watch
18:08 Double-Bit Axe
18:21 Man-at-Arms
18:46 Arson
26:09 Castle Age
Mr. Bolivar
4:13 Loom
14:25 Feudal Age
18:34 Castle Age
16:42 Double-Bit Axe
18:03 Gold Mining
18:04 Stone Mining
17:56 Horse Collar
19:33 Fletching
19:44 Padded Archer Armor
23:47 Bow Saw
23:38 Heavy Plow
24:15 Gold Shaft Mining
29:03 Wheelbarrow
30:27 Stone Shaft Mining
37:03 Imperial Age
36:29 Hand Cart
36:18 Bodkin Arrow
37:33 Elite Mangudai
39:09 Conscription
0Atlas0
15:02 Feudal Age
13:36 Loom
17:38 Bloodlines
19:43 Castle Age
19:20 Horse Collar
20:21 Double-Bit Axe
21:47 Bow Saw
25:11 Scale Mail Armor
26:03 Husbandry
26:36 Forging
29:59 Chain Mail Armor
31:05 Wheelbarrow
30:48 Gambesons
31:59 Gold Mining
32:12 Heavy Plow
32:41 Squires
34:28 Stone Mining
38:31 Imperial Age
36:41 Arson
37:30 Town Watch
Fortune1621
13:28 Feudal Age
11:44 Loom
13:51 Loom
17:28 Castle Age
15:18 Horse Collar
17:16 Double-Bit Axe
18:55 Bow Saw
20:00 Heavy Plow
22:47 Fletching
25:50 Stone Mining
29:25 Wheelbarrow
31:26 Imperial Age
29:12 Gold Mining
29:46 Husbandry
29:57 Bloodlines
30:44 Wheelbarrow
29:56 Town Watch
30:52 Scale Barding Armor
30:58 Forging
31:01 Szlachta Privileges
31:29 Scale Barding Armor
31:34 Forging
32:30 Chain Barding Armor
31:54 Cavalier
33:35 Iron Casting
33:35 Conscription
34:06 Bodkin Arrow
36:29 Stone Shaft Mining
36:52 Ballistics
36:44 Masonry
37:34 Chemistry
36:46 Fortified Wall
37:29 Coinage
37:19 Hand Cart
not.matiasz
3:19 Loom
12:45 Feudal Age
15:59 Double-Bit Axe
17:08 Fletching
23:15 Castle Age
22:06 Padded Archer Armor
23:51 Bodkin Arrow
23:18 Crossbowman
26:03 Bow Saw
34:52 Ballistics
38:21 Imperial Age
37:12 Horse Collar
TheEel
6:10 Loom
13:21 Feudal Age
20:04 Castle Age
18:39 Fishing Lines
21:08 Medium Warships
21:01 Double-Bit Axe
23:21 Fletching
25:07 Gillnets
28:59 Wheelbarrow
38:28 Hand Cart
38:06 Horse Collar
Connection lost

Rejoining the realm…

Still unreachable

The connection could not be restored.

Session expired

The server has moved on; the page needs a fresh start.